 Dungeon Crawl Stone Soup version 0.22-b1-21-g5cfc168 (webtiles) character file.

1127 manyhoops the Digger (level 8, -22/63 HPs)
             Began as a Gnoll Wanderer on Aug 3, 2018.
             Was a Priest of Dithmenos.
             Killed by a distortion unwield (32 damage)
             ... on level 5 of the Dungeon.
             The game lasted 00:09:24 (5678 turns).

manyhoops the Digger (Gnoll Wanderer)               Turns: 5678, Time: 00:09:25

Health: -22/63     AC:  6    Str: 25    XL:     8   Next: 35%
Magic:  16/17      EV: 13    Int: 16    God:    Dithmenos [***...]
Gold:   257        SH:  0    Dex: 11    Spells: 15/19 levels left

rFire    + . .     SeeInvis .     - Unarmed
rCold    . . .     Gourm    .   (no shield)
rNeg     . . .     Faith    .   d - +1 robe
rPois    .         Spirit   .   (no helmet)
rElec    .         Reflect  .   a - +0 cloak
rCorr    .         Harm     .   p - +1 pair of gloves {Str+3}
MR       .....                  (no boots)
Stlth    +++.......             (no amulet)
HPRegen  0.20/turn              z - ring "Kisk" {Str+6 Dex-3}
MPRegen  0.15/turn              l - ring of protection from fire

@: wreathed by umbra
A: distributed training, fangs 1, strong nose
a: Shadow Step, Renounce Religion


You were on level 5 of the Dungeon.
You worshipped Dithmenos.
Dithmenos was most pleased with you.
You were hungry.

You visited 2 branches of the dungeon, and saw 7 of its levels.

You collected 257 gold pieces.

Inventory:

Hand Weapons
 v - a +1 falchion of protection
 w - a +3 spear
 A - a +0 falchion of distortion
Missiles
 g - 8 tomahawks (quivered)
 x - a throwing net
Armour
 a - a +0 cloak (worn)
 d - a +1 robe (worn)
 p - a +1 pair of gloves of strength (worn)
Jewellery
 k - an uncursed ring of ice
 l - a ring of protection from fire (right hand)
 n - an uncursed ring of positive energy
 o - an uncursed ring of resist corrosion
 z - the ring "Kisk" (left hand) {Str+6 Dex-3}
   (You took it off a gnoll on level 5 of the Dungeon)

   [ring of dexterity]

   It affects your strength (+6).
   It affects your dexterity (-3).
Wands
 q - a wand of iceblast (1)
Scrolls
 b - a scroll of enchant armour
 m - 2 scrolls of magic mapping
 r - 5 scrolls of teleportation
 t - a scroll of amnesia
 y - a scroll of fog
Potions
 c - 2 potions of brilliance
 e - a potion of heal wounds {unknown}
 h - a potion of agility {unknown}
 i - 2 potions of curing {unknown}
 j - 2 potions of flight {unknown}
 u - a potion of ambrosia {unknown}
Comestibles
 f - 9 rations


   Skills:
 + Level 5.6 Fighting
 + Level 3.1 Short Blades
 + Level 3.1 Long Blades
 + Level 3.1 Axes
 + Level 3.1 Maces & Flails
 + Level 3.1 Polearms
 + Level 3.1 Staves
 + Level 3.1 Slings
 + Level 3.1 Bows
 + Level 3.1 Crossbows
 + Level 4.1 Throwing
 + Level 4.1 Armour
 + Level 3.1 Dodging
 + Level 3.1 Stealth
 + Level 4.1 Shields
 + Level 3.1 Unarmed Combat
 + Level 6.0 Spellcasting
 + Level 2.5 Conjurations
 + Level 2.5 Hexes
 + Level 2.5 Charms
 + Level 2.5 Summonings
 + Level 2.5 Necromancy
 + Level 2.5 Translocations
 + Level 2.5 Transmutations
 + Level 2.5 Fire Magic
 + Level 2.5 Ice Magic
 + Level 2.5 Air Magic
 + Level 6.1 Earth Magic
 + Level 2.5 Poison Magic
 + Level 3.4 Invocations
 + Level 3.1 Evocations


You had 15 spell levels left.
You knew the following spells:

 Your Spells              Type           Power        Failure   Level  Hunger
a - Magic Dart            Conj           ##..         4%          1    None
b - Static Discharge      Conj/Air       ##......     14%         3    ##.....

Your spell library contained the following spells:

 Spells                   Type           Power        Failure   Level  Hunger


Dungeon Overview and Level Annotations

Branches:
Dungeon (6/15)             Temple (1/1) D:5

Altars:
Ashenzari
Dithmenos
Elyvilon
Kikubaaqudgha
Okawaru
Qazlal
Sif Muna
Uskayaw
The Shining One


Innate Abilities, Weirdness & Mutations

Your experience applies equally to all skills.
You have very sharp teeth.
Your uncanny sense of smell can sniff out nearby items.


Message History

The bullfrog is severely wounded.
The bullfrog hits you.
* * * LOW HITPOINT WARNING * * *
The bullfrog barely misses you. The bullfrog hits you.
* * * LOW HITPOINT WARNING * * *
There is a stone staircase leading up here.
The bullfrog hits you but does no damage.
You climb upwards.
There is a stone staircase leading down here.
You hit the bullfrog. You bite the bullfrog.
The bullfrog is almost dead.
The bullfrog blinks!
The bullfrog closely misses you.
You hit the bullfrog.
You kill the bullfrog!
Dithmenos accepts your kill.
Your Spellcasting skill increases to level 6!
You are crushed and pinned by an extremely strong localised spatial distortion!
Ouch! That really hurt!
You die...

♣.>..'.# ♣...♣#.#
######♣♣♣##.#
###...######..# ##
#............#######.
########....................
#.....##............########
#.....##..§.....))...##
#.....###..@....)..#.[#
#.....# ##.........##.#
#.....# #.........##.##
#.....####.............#####
#........#.........#.......#
#.....##..#...##............
#......##.....###..........#
#......###.#......#....)....
######.###.................#


There were no monsters in sight!

Vanquished Creatures
  Eustachio (D:5)
  Menkaure (D:4)
  An ice beast (D:5)
  A phantom (D:4)
  Blork the orc (D:4)
  A bullfrog (D:5)
  A howler monkey (D:4)
  A crimson imp (D:5)
  A jelly (D:5)
  3 orc priests
  An orc wizard (D:1)
  2 iguanas
  A worker ant zombie (D:5)
  4 gnolls (D:5)
  5 adders
  An ooze (D:1)
  2 worms
  3 dart slugs
  4 leopard geckos
  15 orcs
  4 ball pythons
  9 goblins
  9 hobgoblins
  6 jackals
  10 kobolds
  2 quokkas
  7 bats
  7 frilled lizards
  2 jackal skeletons (D:5)
  24 rats
130 creatures vanquished.

Vanquished Creatures (others)
  A bullfrog (D:6)
  An orc (D:4)
2 creatures vanquished.

Grand Total: 132 creatures vanquished

Notes
Turn   | Place    | Note
-------+----------+-------------------------------------------
     0 | D:1      | manyhoops the Gnoll Wanderer began the quest for the Orb.
     0 | D:1      | manyhoops set off with: a +2 spear, a potion of lignification, a +0 robe, a ration
     0 | D:1      | Reached XP level 1. HP: 20/20 MP: 6/6
     2 | D:1      | Learned a level 1 spell: Magic Dart
   171 | D:1      | Reached XP level 2. HP: 22/26 MP: 3/7
   315 | D:1      | Found a shattered altar of Ashenzari.
   916 | D:1      | Reached XP level 3. HP: 31/31 MP: 9/9
   923 | D:1      | Reached skill level 5 in Spellcasting
  1304 | D:2      | Reached skill level 1 in Short Blades
  1304 | D:2      | Reached skill level 1 in Long Blades
  1304 | D:2      | Reached skill level 1 in Axes
  1304 | D:2      | Reached skill level 1 in Maces & Flails
  1304 | D:2      | Reached skill level 1 in Polearms
  1304 | D:2      | Reached skill level 1 in Staves
  1304 | D:2      | Reached skill level 1 in Slings
  1304 | D:2      | Reached skill level 1 in Bows
  1304 | D:2      | Reached skill level 1 in Crossbows
  1304 | D:2      | Reached skill level 1 in Dodging
  1304 | D:2      | Reached skill level 1 in Stealth
  1304 | D:2      | Reached skill level 1 in Unarmed Combat
  1304 | D:2      | Reached skill level 1 in Invocations
  1304 | D:2      | Reached skill level 1 in Evocations
  1304 | D:2      | Reached XP level 4. HP: 29/38 MP: 11/11
  1660 | D:1      | Reached skill level 1 in Conjurations
  1660 | D:1      | Reached skill level 1 in Hexes
  1660 | D:1      | Reached skill level 1 in Charms
  1660 | D:1      | Reached skill level 1 in Summonings
  1660 | D:1      | Reached skill level 1 in Necromancy
  1660 | D:1      | Reached skill level 1 in Translocations
  1660 | D:1      | Reached skill level 1 in Transmutations
  1660 | D:1      | Reached skill level 1 in Fire Magic
  1660 | D:1      | Reached skill level 1 in Ice Magic
  1660 | D:1      | Reached skill level 1 in Air Magic
  1660 | D:1      | Reached skill level 1 in Poison Magic
  1877 | D:1      | Reached XP level 5. HP: 21/43 MP: 12/12
  2650 | D:3      | Found an ancient bone altar of Kikubaaqudgha.
  2748 | D:3      | Found a faded altar of an unknown god.
  2799 | D:3      | Became a worshipper of Dithmenos the Shadowed
  2799 | D:3      | Reached * piety under Dithmenos
  3353 | D:4      | Noticed a phantom
  3385 | D:4      | Killed a phantom
  3385 | D:4      | Reached XP level 6. HP: 12/50 MP: 4/13
  3390 | D:4      | Learned a level 3 spell: Static Discharge
  3656 | D:4      | Found an iron altar of Okawaru.
  3657 | D:4      | Found a deep blue altar of Sif Muna.
  3756 | D:4      | Found a glowing golden altar of the Shining One.
  3776 | D:4      | Reached skill level 5 in Fighting
  3818 | D:4      | Noticed Blork the orc
  3824 | D:4      | Killed Blork the orc
  4082 | D:4      | Reached XP level 7. HP: 48/56 MP: 15/15
  4109 | D:4      | Reached ** piety under Dithmenos
  4370 | D:5      | Entered Level 5 of the Dungeon
  4370 | D:5      | Noticed Menkaure
  4376 | D:4      | Killed Menkaure
  4774 | D:5      | Found a hide-covered altar of Uskayaw.
  4813 | D:5      | Noticed Eustachio
  4845 | D:5      | Killed Eustachio
  5134 | D:5      | Reached XP level 8. HP: 55/63 MP: 16/16
  5175 | D:5      | Got a brightly glowing amber ring
  5190 | D:5      | Reached *** piety under Dithmenos
  5353 | D:5      | Found a staircase to the Ecumenical Temple.
  5366 | Temple   | Entered the Ecumenical Temple
  5619 | D:5      | Identified the cursed ring "Kisk" {Str+6 Dex-3} (You took it off a gnoll on level 5 of the Dungeon)
  5678 | D:5      | Killed by a distortion unwield

Skill      XL: |  1  2  3  4  5  6  7  8 |
---------------+-------------------------+-----
Spellcasting   | 5 6 |  6.0
Short Blades   | 1 2 3 |  3.1
Long Blades    | 1 2 3 |  3.1
Axes           | 1 2 3 |  3.1
Maces & Flails | 1 2 3 |  3.1
Polearms       | 1 2 3 |  3.1
Staves         | 1 2 3 |  3.1
Slings         | 1 2 3 |  3.1
Bows           | 1 2 3 |  3.1
Crossbows      | 1 2 3 |  3.1
Dodging        | 1 2 3 |  3.1
Stealth        | 1 2 3 |  3.1
Unarmed Combat | 1 2 3 |  3.1
Invocations    | 1 2 3 |  3.4
Evocations     | 1 2 3 |  3.1
Conjurations   | 1 2 |  2.5
Hexes          | 1 2 |  2.5
Charms         | 1 2 |  2.5
Summonings     | 1 2 |  2.5
Necromancy     | 1 2 |  2.5
Translocations | 1 2 |  2.5
Transmutations | 1 2 |  2.5
Fire Magic     | 1 2 |  2.5
Ice Magic      | 1 2 |  2.5
Air Magic      | 1 2 |  2.5
Poison Magic   | 1 2 |  2.5
Throwing       | 3 4 |  4.1
Armour         | 3 4 |  4.1
Shields        | 3 4 |  4.1
Fighting       | 5 |  5.6
Earth Magic    | 6 |  6.1

Action                   |  1- 3 |  4- 6 |  7- 9 || total
-------------------------+-------+-------+-------++-------
Melee: Spear             |    84 |   182 |       ||   266
       Bite              |     4 |    17 |    23 ||    44
       Punch             |       |     3 |     7 ||    10
       Falchion          |       |    29 |   151 ||   180
 Cast: Magic Dart        |     3 |    22 |       ||    25
Evoke: Wand              |       |     3 |     2 ||     5
  Use: Scroll            |     1 |     6 |     3 ||    10
       Potion            |     1 |       |     1 ||     2
 Stab: Sleeping          |       |     5 |     3 ||     8
  Eat: Chunk             |     1 |     9 |     5 ||    15
Armor: Robe              |     7 |    41 |    63 ||   111
       Skin              |     6 |       |    11 ||    17
Dodge: Dodged            |    39 |   116 |   180 ||   335
       Rpst.: Falchion   |       |     8 |    47 ||    55
